[ AOE2 MATCH · #505035530 ]
UnrankedTupi vs Lithuanians
Player's team · WIN
[ REPLAY ANALYSIS · EXTRACTED FROM THE RECORDED GAME ]
Feudal
10:57
Castle
30:09
Imperial
—
| APM avg | 81.5 |
| APM peak | 107 |
| eAPM avg | 41.8 |
| Villagers / military | 94 / 5 |
Focus
⚔️ 55.0% · 🌾 45.0%
Unknown (2550) ×27 · Spearman ×5
Feudal
9:00
Castle
—
Imperial
—
| APM avg | 31.6 |
| APM peak | 58 |
| eAPM avg | 17.8 |
| Villagers / military | 66 / 16 |
Focus
⚔️ 33.2% · 🌾 66.8%
Archer ×13 · Scout Cavalry ×3
Match map
Initial resources + every placement click. Lines = walls · curves = elevation contours. ◆ gold · ⬟ stone · ● berries · ✦ relic · ◌ wall gap
Your base· Open — unwalled flank
Dodo's base· Open — unwalled flank
Smoothed initial terrain · ◌ = detected wall gap · hover for details
Inputs per minute
— SVTT | Альпинист - - Dodo
Build order — SVTT | Альпинист
First 150 of 240 actions detected
| 0:00 | Queue | Villager (Male) |
| 0:01 | Queue | Villager (Male) |
| 0:01 | Queue | Villager (Male) |
| 0:02 | Build | House |
| 0:03 | Queue | Villager (Male) |
| 0:03 | Build | House |
| 0:34 | Build | Barracks |
| 1:05 | Queue | Villager (Male) |
| 1:05 | Queue | Villager (Male) |
| 1:53 | Queue | Unit 2550 |
| 1:53 | Queue | Unit 2550 |
| 1:56 | Research | Loom |
| 2:24 | Queue | Unit 2550 |
| 2:24 | Queue | Unit 2550 |
| 2:31 | Queue | Villager (Male) |
| 2:55 | Queue | Villager (Male) |
| 3:16 | Queue | Villager (Male) |
| 3:39 | Queue | Villager (Male) |
| 3:39 | Queue | Villager (Male) |
| 3:44 | Build | House |
| 4:11 | Queue | Villager (Male) |
| 4:31 | Queue | Villager (Male) |
| 4:31 | Queue | Villager (Male) |
| 4:44 | Queue | Villager (Male) |
| 4:44 | Queue | Villager (Male) |
| 4:46 | Build | House |
| 4:55 | Queue | Villager (Male) |
| 4:55 | Queue | Villager (Male) |
| 5:28 | Build | Outpost |
| 5:31 | Build | Outpost |
| 5:33 | Queue | Villager (Male) |
| 5:33 | Queue | Villager (Male) |
| 5:36 | Queue | Villager (Male) |
| 5:37 | Queue | Villager (Male) |
| 5:37 | Queue | Villager (Male) |
| 6:00 | Queue | Unit 2550 |
| 6:07 | Queue | Villager (Male) |
| 6:07 | Queue | Villager (Male) |
| 6:08 | Queue | Villager (Male) |
| 6:35 | Queue | Villager (Male) |
| 6:35 | Queue | Villager (Male) |
| 6:35 | Queue | Villager (Male) |
| 6:38 | Build | Settlement |
| 6:40 | Queue | Villager (Male) |
| 6:40 | Queue | Villager (Male) |
| 7:35 | Queue | Villager (Male) |
| 7:59 | Queue | Villager (Male) |
| 8:47 | Research | Feudal Age |
| 8:52 | Build | Settlement |
| 9:40 | Build | Settlement |
| 9:56 | Build | Palisade Wall |
| 10:16 | Build | Farm |
| 10:35 | Queue | Villager (Male) |
| 10:57 | Age | Feudal Age |
| 11:02 | Build | Watch Tower |
| 11:13 | Build | Watch Tower |
| 11:18 | Queue | Villager (Male) |
| 11:18 | Queue | Unit 2550 |
| 11:28 | Research | Tech 1402 |
| 11:28 | Research | Tech 1402 |
| 11:28 | Queue | Villager (Male) |
| 12:05 | Queue | Villager (Male) |
| 12:06 | Queue | Villager (Male) |
| 12:23 | Build | Palisade Wall |
| 12:23 | Build | Palisade Wall |
| 12:23 | Build | Palisade Wall |
| 12:24 | Build | Palisade Wall |
| 12:24 | Build | Palisade Wall |
| 12:24 | Build | Palisade Wall |
| 12:24 | Build | Palisade Wall |
| 12:43 | Queue | Unit 2550 |
| 13:01 | Queue | Villager (Male) |
| 13:01 | Queue | Villager (Male) |
| 13:29 | Queue | Spearman |
| 13:42 | Queue | Villager (Male) |
| 13:42 | Queue | Villager (Male) |
| 14:22 | Queue | Spearman |
| 14:24 | Queue | Villager (Male) |
| 14:29 | Build | Palisade Wall |
| 14:30 | Build | Palisade Wall |
| 14:32 | Build | Palisade Wall |
| 14:37 | Build | House |
| 14:39 | Build | Palisade Wall |
| 14:40 | Build | Palisade Wall |
| 14:55 | Build | Watch Tower |
| 14:58 | Queue | Unit 2550 |
| 14:58 | Queue | Unit 2550 |
| 15:04 | Build | Farm |
| 15:04 | Build | Farm |
| 15:05 | Build | Farm |
| 15:22 | Queue | Unit 2550 |
| 15:24 | Queue | Villager (Male) |
| 15:24 | Queue | Villager (Male) |
| 15:34 | Build | Watch Tower |
| 15:40 | Build | Palisade Wall |
| 15:41 | Build | Palisade Wall |
| 15:41 | Build | Palisade Wall |
| 15:41 | Build | Palisade Wall |
| 15:41 | Build | Palisade Wall |
| 15:41 | Build | Palisade Wall |
| 15:42 | Build | Palisade Wall |
| 15:42 | Build | Palisade Wall |
| 16:08 | Queue | Villager (Male) |
| 16:09 | Queue | Villager (Male) |
| 16:25 | Queue | Villager (Male) |
| 16:25 | Queue | Villager (Male) |
| 16:28 | Build | Farm |
| 16:44 | Build | Watch Tower |
| 16:44 | Queue | Villager (Male) |
| 16:45 | Queue | Villager (Male) |
| 16:45 | Queue | Villager (Male) |
| 16:49 | Queue | Unit 2550 |
| 16:49 | Queue | Unit 2550 |
| 16:54 | Build | Palisade Wall |
| 17:06 | Queue | Villager (Male) |
| 17:07 | Queue | Villager (Male) |
| 17:11 | Queue | Spearman |
| 17:45 | Queue | Villager (Male) |
| 17:46 | Queue | Villager (Male) |
| 17:56 | Build | Watch Tower |
| 17:57 | Queue | Villager (Male) |
| 17:57 | Queue | Villager (Male) |
| 17:59 | Queue | Unit 2550 |
| 18:00 | Queue | Unit 2550 |
| 18:11 | Build | Palisade Wall |
| 18:11 | Build | Palisade Wall |
| 18:12 | Build | Palisade Wall |
| 18:12 | Build | Palisade Wall |
| 18:12 | Build | Palisade Wall |
| 18:12 | Build | Palisade Wall |
| 18:13 | Build | Palisade Wall |
| 18:17 | Queue | Villager (Male) |
| 18:17 | Queue | Villager (Male) |
| 18:20 | Build | Farm |
| 18:20 | Build | Farm |
| 18:21 | Build | Farm |
| 18:21 | Build | Farm |
| 18:21 | Build | Farm |
| 18:38 | Queue | Villager (Male) |
| 18:44 | Research | Horse Collar |
| 18:44 | Research | Horse Collar |
| 19:02 | Build | Farm |
| 19:03 | Build | Farm |
| 19:07 | Queue | Villager (Male) |
| 19:08 | Queue | Villager (Male) |
| 19:22 | Build | Watch Tower |
| 19:26 | Queue | Spearman |
| 19:26 | Queue | Spearman |
| 19:44 | Queue | Villager (Male) |
| 19:44 | Queue | Villager (Male) |
Build order — Dodo
First 150 of 152 actions detected
| 0:00 | Queue | Villager (Male) |
| 0:00 | Queue | Villager (Male) |
| 0:02 | Build | House |
| 0:03 | Build | House |
| 0:18 | Queue | Villager (Male) |
| 0:19 | Queue | Villager (Male) |
| 0:45 | Queue | Villager (Male) |
| 0:45 | Queue | Villager (Male) |
| 1:44 | Queue | Villager (Male) |
| 1:45 | Queue | Villager (Male) |
| 2:09 | Queue | Villager (Male) |
| 2:09 | Queue | Villager (Male) |
| 3:20 | Queue | Villager (Male) |
| 3:20 | Queue | Villager (Male) |
| 3:22 | Queue | Villager (Male) |
| 3:22 | Queue | Villager (Male) |
| 3:25 | Queue | Villager (Male) |
| 3:25 | Queue | Villager (Male) |
| 3:44 | Queue | Villager (Male) |
| 3:44 | Queue | Villager (Male) |
| 3:47 | Build | House |
| 3:55 | Build | Lumber Camp |
| 3:59 | Build | House |
| 4:00 | Build | Lumber Camp |
| 4:04 | Queue | Villager (Male) |
| 5:00 | Queue | Villager (Male) |
| 5:00 | Queue | Villager (Male) |
| 5:12 | Queue | Villager (Male) |
| 5:13 | Queue | Villager (Male) |
| 5:24 | Research | Loom |
| 5:44 | Queue | Villager (Male) |
| 5:54 | Queue | Villager (Male) |
| 6:29 | Build | Mill |
| 6:50 | Research | Feudal Age |
| 6:50 | Research | Feudal Age |
| 7:10 | Build | House |
| 7:49 | Queue | Villager (Male) |
| 8:04 | Build | House |
| 8:10 | Build | Palisade Wall |
| 8:11 | Build | Palisade Wall |
| 8:12 | Build | Palisade Wall |
| 8:36 | Build | Palisade Wall |
| 8:44 | Build | Palisade Wall |
| 8:52 | Build | Palisade Wall |
| 8:57 | Queue | Villager (Male) |
| 8:57 | Queue | Villager (Male) |
| 9:00 | Age | Feudal Age |
| 9:14 | Queue | Villager (Male) |
| 9:14 | Queue | Villager (Male) |
| 9:29 | Queue | Villager (Male) |
| 9:47 | Queue | Villager (Male) |
| 10:10 | Queue | Villager (Male) |
| 10:22 | Build | Barracks |
| 10:25 | Queue | Villager (Male) |
| 10:41 | Research | Double-Bit Axe |
| 11:06 | Build | House |
| 11:10 | Build | House |
| 11:41 | Build | Stable |
| 11:46 | Queue | Villager (Male) |
| 12:09 | Build | Lumber Camp |
| 12:12 | Queue | Scout Cavalry |
| 12:12 | Queue | Scout Cavalry |
| 12:13 | Queue | Scout Cavalry |
| 13:10 | Build | Watch Tower |
| 13:47 | Queue | Villager (Male) |
| 13:48 | Queue | Villager (Male) |
| 14:07 | Build | Blacksmith |
| 14:11 | Build | Farm |
| 14:12 | Build | Farm |
| 14:15 | Queue | Villager (Male) |
| 14:18 | Build | House |
| 14:20 | Build | House |
| 14:25 | Build | House |
| 14:28 | Build | House |
| 15:10 | Build | Mining Camp |
| 15:27 | Build | Farm |
| 15:47 | Build | Farm |
| 15:48 | Build | Farm |
| 16:03 | Queue | Villager (Male) |
| 16:10 | Build | Farm |
| 16:52 | Queue | Villager (Male) |
| 16:57 | Build | Archery Range |
| 17:20 | Queue | Villager (Male) |
| 17:25 | Queue | Archer |
| 17:25 | Queue | Archer |
| 17:25 | Queue | Archer |
| 17:26 | Queue | Archer |
| 17:28 | Build | Farm |
| 18:12 | Research | Fletching |
| 18:12 | Research | Fletching |
| 18:36 | Build | House |
| 18:43 | Build | Farm |
| 18:45 | Queue | Archer |
| 18:50 | Build | Farm |
| 18:53 | Build | Farm |
| 18:57 | Queue | Villager (Male) |
| 18:57 | Queue | Villager (Male) |
| 19:05 | Queue | Archer |
| 19:08 | Build | House |
| 19:10 | Build | House |
| 19:14 | Queue | Villager (Male) |
| 19:30 | Build | Palisade Gate |
| 19:31 | Build | House |
| 19:47 | Queue | Archer |
| 19:47 | Queue | Villager (Male) |
| 19:56 | Build | Farm |
| 19:58 | Build | Mill |
| 20:16 | Build | Market |
| 20:19 | Build | Farm |
| 20:28 | Queue | Villager (Male) |
| 20:28 | Queue | Villager (Male) |
| 20:58 | Build | Lumber Camp |
| 21:40 | Queue | Villager (Male) |
| 21:40 | Queue | Villager (Male) |
| 21:57 | Queue | Villager (Male) |
| 21:57 | Queue | Villager (Male) |
| 22:01 | Queue | Archer |
| 22:01 | Queue | Archer |
| 22:01 | Queue | Archer |
| 22:21 | Build | Watch Tower |
| 22:32 | Queue | Villager (Male) |
| 22:44 | Build | Palisade Gate |
| 23:27 | Build | Watch Tower |
| 23:43 | Queue | Villager (Male) |
| 24:10 | Queue | Villager (Male) |
| 24:53 | Queue | Villager (Male) |
| 24:53 | Queue | Villager (Male) |
| 25:11 | Build | Lumber Camp |
| 25:16 | Build | Palisade Gate |
| 25:30 | Queue | Villager (Male) |
| 25:30 | Queue | Villager (Male) |
| 25:35 | Queue | Archer |
| 25:36 | Queue | Archer |
| 25:36 | Queue | Archer |
| 25:42 | Build | House |
| 25:43 | Build | House |
| 26:16 | Build | Palisade Gate |
| 26:19 | Build | House |
| 26:22 | Build | Palisade Wall |
| 26:47 | Build | Palisade Gate |
| 26:50 | Build | House |
| 27:24 | Queue | Villager (Male) |
| 27:24 | Queue | Villager (Male) |
| 27:24 | Queue | Villager (Male) |
| 27:32 | Build | Palisade Gate |
| 27:43 | Queue | Villager (Male) |
| 27:43 | Queue | Villager (Male) |
| 29:10 | Queue | Villager (Male) |
| 29:10 | Queue | Villager (Male) |
| 29:29 | Build | Palisade Gate |
Match timeline
| 0:34 | SVTT | Альпинист · first_building Barracks |
| 8:10 | Dodo · wall_segment Palisade Wall x1 |
| 8:11 | Dodo · wall_segment Palisade Wall x1 |
| 8:12 | Dodo · wall_segment Palisade Wall x1 |
| 8:36 | Dodo · wall_segment Palisade Wall x1 |
| 8:44 | Dodo · wall_segment Palisade Wall x1 |
| 8:52 | Dodo · wall_segment Palisade Wall x1 |
| 9:00 | Dodo · age_up feudal |
| 9:56 | SVTT | Альпинист · wall_segment Palisade Wall x1 |
| 10:22 | Dodo · first_building Barracks |
| 10:57 | SVTT | Альпинист · age_up feudal |
| 11:41 | Dodo · first_building Stable |
| 12:23 | SVTT | Альпинист · wall_segment Palisade Wall x1 |
| 12:23 | SVTT | Альпинист · wall_segment Palisade Wall x1 |
| 12:23 | SVTT | Альпинист · wall_segment Palisade Wall x2 |
| 12:24 | SVTT | Альпинист · wall_segment Palisade Wall x2 |
| 12:24 | SVTT | Альпинист · wall_segment Palisade Wall x2 |
| 12:24 | SVTT | Альпинист · wall_segment Palisade Wall x2 |
| 12:24 | SVTT | Альпинист · wall_segment Palisade Wall x2 |
| 14:29 | SVTT | Альпинист · wall_segment Palisade Wall x1 |
| 14:30 | SVTT | Альпинист · wall_segment Palisade Wall x1 |
| 14:32 | SVTT | Альпинист · wall_segment Palisade Wall x1 |
| 14:39 | SVTT | Альпинист · wall_segment Palisade Wall x1 |
| 14:40 | SVTT | Альпинист · wall_segment Palisade Wall x1 |
| 15:40 | SVTT | Альпинист · wall_segment Palisade Wall x2 |
| 15:41 | SVTT | Альпинист · wall_segment Palisade Wall x1 |
| 15:41 | SVTT | Альпинист · wall_segment Palisade Wall x1 |
| 15:41 | SVTT | Альпинист · wall_segment Palisade Wall x1 |
| 15:41 | SVTT | Альпинист · wall_segment Palisade Wall x2 |
| 15:41 | SVTT | Альпинист · wall_segment Palisade Wall x1 |
| 15:42 | SVTT | Альпинист · wall_segment Palisade Wall x1 |
| 15:42 | SVTT | Альпинист · wall_segment Palisade Wall x2 |
| 16:54 | SVTT | Альпинист · wall_segment Palisade Wall x1 |
| 16:57 | Dodo · first_building Archery Range |
| 18:11 | SVTT | Альпинист · wall_segment Palisade Wall x1 |
| 18:11 | SVTT | Альпинист · wall_segment Palisade Wall x1 |
| 18:12 | SVTT | Альпинист · wall_segment Palisade Wall x1 |
| 18:12 | SVTT | Альпинист · wall_segment Palisade Wall x1 |
| 18:12 | SVTT | Альпинист · wall_segment Palisade Wall x1 |
| 18:12 | SVTT | Альпинист · wall_segment Palisade Wall x1 |
| 18:13 | SVTT | Альпинист · wall_segment Palisade Wall x1 |
| 19:56 | SVTT | Альпинист · wall_segment Palisade Wall x1 |
| 19:58 | SVTT | Альпинист · wall_segment Palisade Wall x1 |
| 19:59 | SVTT | Альпинист · wall_segment Palisade Wall x1 |
| 22:15 | Dodo · first_market_buy 100 stone |
| 25:59 | SVTT | Альпинист · first_market_buy 100 stone |
| 26:18 | SVTT | Альпинист · wall_segment Palisade Wall x1 |
| 26:19 | SVTT | Альпинист · wall_segment Palisade Wall x1 |
| 26:22 | Dodo · wall_segment Palisade Wall x1 |
| 27:16 | SVTT | Альпинист · first_market_sell 100 wood |
| 28:33 | SVTT | Альпинист · wall_segment Palisade Wall x1 |
| 28:34 | SVTT | Альпинист · wall_segment Palisade Wall x1 |
| 28:36 | SVTT | Альпинист · wall_segment Palisade Wall x1 |
| 28:42 | SVTT | Альпинист · wall_segment Palisade Wall x1 |
| 28:46 | SVTT | Альпинист · wall_segment Palisade Wall x1 |
| 28:47 | SVTT | Альпинист · wall_segment Palisade Wall x1 |
| 28:50 | SVTT | Альпинист · wall_segment Palisade Wall x1 |
| 28:57 | SVTT | Альпинист · wall_segment Palisade Wall x1 |
| 28:58 | SVTT | Альпинист · wall_segment Palisade Wall x1 |
| 29:00 | SVTT | Альпинист · wall_segment Palisade Wall x1 |
| 30:09 | SVTT | Альпинист · age_up castle |
| 30:14 | Dodo · resign |
[ AI ANALYSIS · 1 CREDIT ]
What really happened in this match?
Wolo.gg analyzes every decision: build order, eco, micro, common mistakes by bracket. Personalized analysis on WhatsApp or Discord in 30 seconds.
Civ guide
Tupi
Perfil
SVTT | Альпинист